cohdb
Replays
Latest Replays
All Replays
Popular Replays
Top Player Replays
Match Explorer
How It Works
Community
CoH3 Stats
Reddit
Sign in to upload your games and track your stats! →
Sign in with Steam
Match 45428767
Unlisted
Match 45428767
Overview
Messages
Build Orders
End
Kradschützen Motorcycle Team
Panzergrenadier Squad
Panzerpioneer Squad
Panzerpioneer Squad
Construct Light Support Kompanie
Fire Support Elements
MG34 Team
Flakvierling Half-track
Vehicle Survival Package
Pak 38 Anti-tank Gun Team
Selects Armored Support Battlegroup
Selects Salvage Kits
Selects Veteran Gunners
Construct Panzerarmee Kommand
Tungsten Core Ammunition
Panzer III L Medium Tank
Panzer III L Medium Tank
Panzer III L Medium Tank
Selects Panzer Storm
Emergency Repair Kits
Selects Stuka Dive Bomb
Panzer III L Medium Tank
Stuka Dive Bomb
Panzer III L Medium Tank
Stuka Dive Bomb
Starfucker
Jutge
Frenzy
rafikos
[PD]Lurgi
[PD] PragerSchinken
Fire [Goat Company]
Nico-Nico-Nii~~
0
0
Comments
sign in to comment!
No comments posted yet!